AoeStats
← Reis

Arena

507306616Analyzed
4v4 RM · 15d ago on Sep 17, 2026· 40m 6s· 8 players
Game mode
Random Map
Map size
Large (8 player)
Population
200
Speed
Normal
Resources
Standard
Victory
Conquest
Starting age
Dark Age
Ending age
Imperial Age
RankedLock teamsTeams togetherTeam positionsShared explorationLock speedFull tech treeHidden civsTurbo modeCheats
Victory
Defeat
🇵🇹 Tupi · Portugal
1347
+15
🇵🇱 Japanese · Poland
1337
+15
🇨🇭 Bulgarians · Switzerland
1331
+16
🇨🇱 Franks · Chile
1331
+16
🇨🇳 Ethiopians · China
1376
-17
🇺🇸 Koreans · United States
1310
-15
🇦🇷 Britons · Argentina
1309
-15
🇺🇸 Spanish · United States
1303
-15
Reis
9:58 Feudal Age
14:09 Castle Age
13:38 Loom
14:30 Fletching
14:46 Scale Barding Armor
18:38 Bodkin Arrow
maximilianoshopify
11:12 Feudal Age
12:31 Wheelbarrow
15:05 Castle Age
13:32 Double-Bit Axe
16:32 Bow Saw
19:08 Loom
22:25 Gold Mining
23:53 Gold Shaft Mining
24:37 Hand Cart
28:56 Imperial Age
26:47 Scale Barding Armor
26:33 Stone Mining
26:58 Town Watch
28:02 Chain Barding Armor
28:29 Forging
28:43 Husbandry
29:01 Cavalier
30:21 Plate Barding Armor
31:36 Iron Casting
32:52 Blast Furnace
33:13 Paladin
34:24 Conscription
36:08 Fletching
36:39 Ballistics
37:26 Bodkin Arrow
38:32 Chemistry
40:21 Chivalry
Czotyn
10:33 Feudal Age
11:47 Double-Bit Axe
14:35 Castle Age
13:58 Horse Collar
15:48 Bow Saw
21:20 Wheelbarrow
22:25 Heavy Plow
22:53 Gold Mining
22:58 Loom
25:01 Stone Mining
26:38 Gold Shaft Mining
26:18 Forging
26:09 Scale Mail Armor
26:58 Hand Cart
29:35 Imperial Age
27:04 Arson
27:19 Squires
28:52 Iron Casting
28:33 Town Watch
29:56 Chain Mail Armor
29:45 Elite Samurai
30:46 Conscription
31:56 Blast Furnace
31:27 Plate Mail Armor
32:23 Kataparuto
33:37 Two-Man Saw
33:18 Town Patrol
36:27 Yasama
36:16 Arrowslits
36:21 Guard Tower
36:35 Murder Holes
36:22 Treadmill Crane
36:55 Masonry
37:49 Chemistry
37:16 Ballistics
40:12 Keep
BARAKA wins!
11:18 Feudal Age
11:52 Loom
12:42 Double-Bit Axe
12:39 Horse Collar
15:29 Castle Age
13:35 Gold Mining
16:38 Bow Saw
18:57 Scale Mail Armor
20:16 Chain Mail Armor
22:36 Forging
21:50 Champi Runner
22:31 Squires
24:03 Champi Warrior
33:09 Iron Casting
35:57 Wheelbarrow
36:54 Heavy Plow
36:45 Stone Mining
39:49 Arson
40:44 Caciques
mR_GrincH_
12:09 Feudal Age
12:50 Double-Bit Axe
12:47 Horse Collar
12:59 Gold Mining
15:54 Castle Age
17:22 Coinage
17:07 Bow Saw
24:16 Stone Mining
26:52 Wheelbarrow
27:03 Stone Shaft Mining
28:39 Loom
32:40 Imperial Age
30:29 Scale Barding Armor
30:34 Forging
31:30 Chain Barding Armor
31:51 Hand Cart
31:56 Bloodlines
32:05 Heavy Plow
32:46 Stone Shaft Mining
32:19 Husbandry
32:56 Iron Casting
33:03 Cavalier
34:49 Plate Barding Armor
34:08 Town Watch
34:31 Paladin
38:22 Blast Furnace
39:45 Two-Man Saw
Chase_The_Dragon
10:05 Feudal Age
11:18 Loom
15:09 Castle Age
13:31 Horse Collar
16:00 Town Watch
19:58 Fletching
25:55 Bodkin Arrow
35:23 Imperial Age
TanjiroK
9:51 Feudal Age
14:08 Castle Age
12:20 Double-Bit Axe
15:19 Town Watch
15:32 Horse Collar
17:59 Fletching
19:30 Loom
24:03 Imperial Age
23:00 Bodkin Arrow
25:03 Bracer
25:11 Padded Archer Armor
31:29 Ballistics
31:28 Leather Archer Armor
34:00 Chemistry
36:08 Conscription
36:53 Ring Archer Armor
37:30 Fortified Wall
37:47 Conscription
Chongyass
10:30 Feudal Age
14:32 Castle Age
12:40 Double-Bit Axe
13:42 Horse Collar
17:04 Horse Collar
17:43 Horse Collar
20:44 Wheelbarrow
23:52 Loom
26:15 Fletching
26:59 Squires
27:01 Scale Mail Armor
27:12 Forging
29:36 Imperial Age
28:10 Chain Mail Armor
28:05 Royal Heirs
28:12 Gold Mining
29:15 Stone Mining
29:48 Elite Shotel Warrior
31:18 Gold Shaft Mining
31:25 Stone Shaft Mining
31:32 Conscription
32:58 Chemistry
33:05 Plate Mail Armor
33:11 Iron Casting
34:38 Murder Holes
35:25 Bodkin Arrow
35:31 Padded Archer Armor
35:21 Crossbowman
36:20 Bow Saw
35:52 Arbalester
36:35 Bracer
36:58 Fortified Wall
37:03 Thumb Ring
38:50 Ballistics
39:10 Leather Archer Armor
Connection lost

Rejoining the realm…

Still unreachable

The connection could not be restored.

Session expired

The server has moved on; the page needs a fresh start.